 Dungeon Crawl Stone Soup version 0.29-a0-234-g0dae59b3db (webtiles) character file.

Game seed: 6439853060953493733

36 HotDog the Shield-Bearer (level 3, 0/33 HPs)
             Began as a Minotaur Fighter on Mar 2, 2022.
             Slain by an orc wizard
             ... wielding a +2 dagger of freezing
              (6 damage)
             ... on level 4 of the Dungeon.
             The game lasted 00:02:01 (1680 turns).

HotDog the Shield-Bearer (Minotaur Fighter)         Turns: 1680, Time: 00:02:01

Health: 0/33       AC:  7    Str: 22    XL:     3   Next: 19%
Magic:  2/2        EV:  9    Int:  5    God:
Gold:   69         SH:  5    Dex:  9    Spells: 2/2 levels left

rFire   . . .      SeeInvis .   a - +1 long sword
rCold   . . .      Faith    .   c - +1 buckler
rNeg    . . .      Spirit   .   b - +0 scale mail
rPois   .          Reflect  .   (helmet restricted)
rElec   .          Harm     .   (no cloak)
rCorr   .          Rampage  .   (no gloves)
Will    .....                   (no boots)
Stlth   ..........              (no amulet)
HPRegen 0.11/turn               (no ring)
MPRegen 0.08/turn               (no ring)

@: brilliant
A: horns 2, retaliatory headbutt
a: no special abilities


You were on level 4 of the Dungeon.
You visited 1 branch of the dungeon, and saw 4 of its levels.

You collected 69 gold pieces.

Inventory:

Hand Weapons
 a - a +1 long sword (weapon)
Armour
 b - a +0 scale mail (worn)
 c - a +1 buckler (worn)
Jewellery
 e - a ring of protection from fire
Scrolls
 i - a scroll of holy word
 q - a scroll of teleportation
Potions
 d - 2 potions of might
 g - a potion of brilliance
 h - a potion of invisibility {unknown}
 l - a potion of mutation {unknown}
 m - a potion of haste {unknown}
 p - a potion of curing {unknown}


   Skills:
 * Level 3.9 Fighting
 * Level 2.7 Long Blades
 * Level 4.1 Armour
 * Level 0.5 Dodging
 * Level 4.1 Shields
 * Level 0.6 Invocations


You had 2 spell levels left.
You didn't know any spells.
Your spell library contained the following spells:

 Spells                   Type           Power      Damage    Failure   Level
 Ensorcelled Hibernation  Hex/Ice        0%         N/A       95%         2
 Portal Projectile        Hex/Tloc       0%         N/A       99%         3
 Spider Form              Tmut/Pois      0%         N/A       99%         3
 Anguish                  Hex/Necr       0%         N/A       100%        4
 Blade Hands              Tmut           0%         N/A       100%        5
 Excruciating Wounds      Necr           0%         N/A       100%        5


Dungeon Overview and Level Annotations

Branches:
Dungeon (4/15)
 Temple: D:4-7

Altars:

Shops:
D:2 [


Innate Abilities, Weirdness & Mutations

You have a pair of horns on your head.
You reflexively headbutt those who attack you in melee.


Message History

You feel strangely unstable.
It was a scroll of teleportation.
It was a potion of brilliance.
You feel clever all of a sudden.
Your surroundings suddenly seem different.
A hobgoblin and an orc priest come into view.
Found a stone staircase leading down and a stone staircase leading up.
The hobgoblin shouts!
The orc priest shouts!
An orc wizard comes into view. It is wielding a +2 dagger of freezing.
The orc wizard shouts!
You hit the hobgoblin.
You kill the hobgoblin!
You hear a shout!
A bat comes into view.
An orc comes into view. It is wielding a +0 whip.
The orc shouts!
You hear a shout!
The orc wizard mumbles some strange words.
The orc wizard flickers and vanishes!
Deactivating autopickup; reactivate with Ctrl-A.
The orc priest barely misses you.
The orc moves out of view.
You hit the orc priest but do no damage.
The orc priest invokes the aid of Beogh against you.
Beogh smites you!
* * * LOW HITPOINT WARNING * * *
You barely miss the orc priest. The orc priest closely misses you.
An orc comes into view. It is wielding a +0 flail.
You block the bat's attack. The bat closely misses you.
You furiously retaliate!
You headbutt the bat, but do no damage.
There is a stone staircase leading down here.
The bat completely misses you. The bat hits you but does no damage.
You block the orc priest's attack. Something hits you.
* * * LOW HITPOINT WARNING * * *
Something freezes you.
* * * LOW HITPOINT WARNING * * *
You climb downwards.
Reactivating autopickup.
There is a stone staircase leading up here.
You hit the orc priest but do no damage.
The orc priest miscasts a cantrip.
Something hits you.
You die...

. .. ...# .....
......#########
......o@.......
.........######
.........#
.#.###...# #
+.... #.....
##.... #.....


You could see an orc priest.

Vanquished Creatures
  An adder (D:2)
  A worm (D:2)
  A dart slug (D:1)
  5 goblins
  3 hobgoblins
  2 quokkas
  2 ball pythons
  3 frilled lizards (D:1)
  3 kobolds
  A rat (D:1)
  A spectral hobgoblin (D:1)
23 creatures vanquished.

Notes
Turn   | Place    | Note
-------+----------+-------------------------------------------
     0 | D:1      | HotDog the Minotaur Fighter began the quest for the Orb.
     0 | D:1      | Reached XP level 1. HP: 19/19 MP: 0/0
    99 | D:1      | Found a faded altar of an unknown god.
   489 | D:1      | Reached XP level 2. HP: 24/27 MP: 1/1
  1268 | D:2      | Reached XP level 3. HP: 32/33 MP: 2/2
  1534 | D:2      | Found Taaplog's Armour Emporium.
  1680 | D:4      | Slain by an orc wizard

Illustrated notes

Levels and vault maps discovered:
D:1:      lemuel_arrival_lava_pool, layout_loops_corners,
          dreamdust_ecumenical_altar_drowned_temple
D:2:      layout_loops_ring, serial_shops, nicolae_diamond_shop
D:3:      layout_loops_cross, mainiacjoe_overflow_small_starburst,
          minmay_overflow_temple_star_quad, gup_sewer_entry_glass
D:4:      layout_basic, nicolae_ru_great_annihilating_truth,
          minmay_temple_entry_antechambers, mrwooster_statue_mirror,
          uniq_natasha, uniq_blork_the_orc, uniq_ijyb

Skill      XL: |  1  2 |
---------------+-------+-----
Shields        | 4 |  4.1
Armour         | 4 |  4.1
Fighting       | |  3.9
Long Blades    | |  2.7
Dodging        | |  0.5
Invocations    | |  0.6

Action                   || total
-------------------------++-------
Melee: Long sword        ||    72
       Headbutt          ||     8
  Use: Scroll            ||     6
       Potion            ||     1
Armor: Scale mail        ||    31
Dodge: Dodged            ||    29
Block: Buckler           ||    11

Table legend: (Time is in decaauts)
 A = Elapsed time spent in this place.
 B = Non-inter-level travel time spent in this place.
 C = Inter-level travel time spent in this place.
 D = Time resting spent in this place.
 E = Time spent auto-exploring this place.
 F = Levels seen in this place.
 G = Mean time per level.
                   A        B        C        D        E       F      G
               +--------+--------+--------+--------+--------+-----+--------+
         Total |   1708 |   1647 |     61 |      0 |   1443 |   4 |  427.0 |
       Dungeon |   1708 |   1647 |     61 |      0 |   1443 |   4 |  427.0 |
               +--------+--------+--------+--------+--------+-----+--------+

Top non-repeatable levels by time:
     D:1: 954 daAuts
     D:2: 735 daAuts
     D:3: 17 daAuts
     D:4: 0 daAuts
